 Dungeon Crawl Stone Soup version 0.24-a0-201-gf205589 (webtiles) character file.

Game seed: 6961629102866720530

95 Borgoz the Cutter (level 4, -2/27 HPs)
             Began as a Gargoyle Gladiator on Mar 25, 2019.
             Slain by Sigmund
             ... wielding a +0 scythe
              (3 damage)
             ... on level 2 of the Dungeon.
             The game lasted 00:03:55 (2511 turns).

Borgoz the Cutter (Gargoyle Gladiator)              Turns: 2511, Time: 00:03:55

Health: -2/27      AC:  8    Str: 16 (17) XL:     4   Next: 66%
Magic:  5/5        EV: 12    Int:  8 (10) God:
Gold:   96         SH:  0    Dex: 10 (11) Spells: 5/5 levels left

rFire    . . .     SeeInvis .   a - +0 rapier
rCold    . . .     Gourm    .   (no shield)
rNeg     + . .     Faith    .   b - +0 leather armour
rPois    ∞         Spirit   .   c - +0 helmet
rElec    +         Reflect  .   g - +0 cloak
rCorr    .         Harm     .   (no gloves)
MR       .....                  (no boots)
Stlth    ++........             (no amulet)
HPRegen  0.09/turn              l - ring of stealth
MPRegen  0.09/turn              (no ring)

@: flying
A: negative energy resistance 1, electricity resistance, unbreathing,
petrification resistance, rot immunity, AC +3
a: no special abilities


You were on level 2 of the Dungeon.
You were not hungry.

You visited 1 branch of the dungeon, and saw 4 of its levels.

You collected 96 gold pieces.

Inventory:

Hand Weapons
 a - a +0 rapier (weapon)
Missiles
 d - 3 throwing nets (quivered)
 n - 26 poisoned needles
Armour
 b - a +0 leather armour (worn)
 c - a +0 helmet (worn)
 g - a +0 cloak (worn)
 p - a +2 shield
Jewellery
 l - a ring of stealth (left hand)
Scrolls
 e - a scroll of teleportation {unknown}
 i - 5 scrolls of remove curse {unknown}
 o - a scroll of enchant armour {unknown}
 s - a scroll of blinking {unknown}
Potions
 m - 2 potions of lignification
 q - 2 potions of curing
Comestibles
 f - 4 rations
 r - 2 chunks of flesh


   Skills:
 + Level 2.8 Fighting
 * Level 3.3 Short Blades
 + Level 2.1 Throwing
 + Level 1.1 Armour
 * Level 2.9 Dodging
 + Level 1.2 Stealth
 + Level 1.0 Spellcasting


You had 5 spell levels left.
You didn't know any spells.
Your spell library was empty.

Dungeon Overview and Level Annotations

Branches:
Dungeon (4/15)
 Temple: D:4-7

Altars:
Makhleb
Wu Jian

Annotations:
D:2 Sigmund


Innate Abilities, Weirdness & Mutations

You are resistant to torment.
Your stone body is resilient. (AC +3)
You are immune to poison.
You resist negative energy. (rN+)
You are resistant to electric shocks. (rElec)
You can survive without breathing.
You are immune to petrification.
You are immune to rotting.


Message History

Something hits you but does no damage.
It was a potion of cancellation.
You feel magically purged.
It was a potion of flight.
You feel very buoyant.
You fly up into the air.
Something hits you.
* * * LOW HITPOINT WARNING * * *
You closely miss something. Something hits you.
* * * LOW HITPOINT WARNING * * *
You closely miss something. You hit something but do no damage.
Something hits you.
* * * LOW HITPOINT WARNING * * *
You miss something.
You hear some strange, mumbled words.
A magic dart appears from out of thin air!
The magic dart hits you.
* * * LOW HITPOINT WARNING * * *
You puncture something!
You recover from your berserk rage.
Something hits you.
You die...

###### ####
#..... #.. #.###.
#.# ### #.# #.
########.# #..
#.# #.
.........#####.#
#.# #.
.....<{@(....#.#
#.# #.
.........###.#.#
#.# #.
.........#####
#.#.####.####
#..........
#####.#..........
.........
#.....#..###.###.
........
#.....#....#...#.
#.....#
#.....#.##.#...#.
#.....#
#.....#.##.#.#.#.
#####.....#
#.....#.##.#^###.


There were no monsters in sight!

Vanquished Creatures
  A hound (D:4)
  2 adders (D:2)
  A worm (D:2)
  2 dart slugs (D:2)
  8 bats
  6 goblins
  5 hobgoblins
  4 jackals (D:4)
  4 kobolds
  A quokka (D:3)
  A jackal zombie (D:4)
  3 rats
38 creatures vanquished.

Notes
Turn   | Place    | Note
-------+----------+-------------------------------------------
     0 | D:1      | Borgoz the Gargoyle Gladiator began the quest for the Orb.
     0 | D:1      | Reached XP level 1. HP: 12/12 MP: 1/1
   436 | D:1      | Reached XP level 2. HP: 17/17 MP: 2/2
  1106 | D:2      | Found a burning altar of Makhleb.
  1663 | D:2      | Reached skill level 3 in Short Blades
  1663 | D:2      | Reached XP level 3. HP: 6/22 MP: 3/3
  1910 | D:2      | Found an ornate altar of the Wu Jian Council.
  2119 | D:2      | Reached skill level 1 in Stealth
  2134 | D:2      | You fall through a shaft for 2 floors!
  2167 | D:4      | Reached skill level 1 in Armour
  2167 | D:4      | Reached skill level 1 in Spellcasting
  2167 | D:4      | Reached XP level 4. HP: 22/27 MP: 5/5
  2472 | D:2      | Noticed Sigmund
  2510 | D:2      | HP: 1/27 [something/magic dart (3)]
  2511 | D:2      | Slain by Sigmund

Levels and vault maps discovered:
D:1:      grunt_arrival_lava_bath, layout_basic, fountainhead
D:2:      layout_basic, yredelemnul_altar_generic, lemuel_round_altar,
          minmay_hexomino_r4, uniq_sigmund
D:3:      layout_loops_cross, nicolae_tso_swordbearing_angel,
          lemuel_crystal_altar, first_ration, nrook_mini_vaults
D:4:      layout_basic, evilmike_ruin_ashenzari, uniq_menkaure

Skill      XL: |  1  2  3 |
---------------+----------+-----
Short Blades   | 3 |  3.3
Throwing       | 2 |  2.1
Stealth        | 1 |  1.2
Armour         | 1 |  1.1
Spellcasting   | 1 |  1.0
Fighting       | |  2.8
Dodging        | |  2.9

Action                   |  1- 3 |  4- 6 || total
-------------------------+-------+-------++-------
Melee: Rapier            |   146 |    38 ||   184
  Use: Potion            |       |     6 ||     6
 Stab: Sleeping          |     3 |     1 ||     4
  Eat: Chunk             |     4 |     1 ||     5
Armor: Leather armour    |    69 |     7 ||    76
       Skin              |       |    16 ||    16
Dodge: Dodged            |    93 |    26 ||   119

Table legend:
 A = Non-vault XP
 B = Vault XP
 C = Vault XP percentage of total XP
 D = Non-vault monster count
 E = Vault monster count
 F = Vault count percentage of total count
                 A         B        C        D         E       F
            +---------+---------+-------+---------+---------+-------
      Total |     133 |       4 |   2.9 |      36 |       2 |   5.3
            +---------+---------+-------+---------+---------+-------
        D:1 |      15 |       0 |   0.0 |       9 |       0 |   0.0
        D:2 |      60 |       4 |   6.2 |      18 |       2 |  10.0
        D:3 |       6 |       0 |   0.0 |       3 |       0 |   0.0
        D:4 |      52 |       0 |   0.0 |       6 |       0 |   0.0
            +---------+---------+-------+---------+---------+-------
